 Dungeon Crawl Stone Soup version 0.29.1-15-g9cfb28693d (webtiles) character file.

Game seed: 15580838447114487466

5416 croobank the Blocker (level 10, -2/66 HPs)
             Began as an Octopode Delver on Mar 11, 2023.
             Was an Initiate of Gozag.
             Slain by a gnoll
             ... wielding a +0 club
             ... led by a gnoll bouda
              (8 damage)
             ... on level 9 of the Dungeon.
             The game lasted 00:31:31 (9857 turns).

croobank the Blocker (Octopode Delver)              Turns: 9857, Time: 00:31:32

Health: -2/66      AC: -1    Str: 24    XL:     10   Next: 67%
Magic:  12/12      EV: 17    Int: 22    God:    Gozag
Gold:   669        SH: 13    Dex: 25    Spells: 8/12 levels left

rFire   + + .      SeeInvis .   g - +10 long sword of True Grit {drain, rN+}
rCold   + . .      Faith    .   H - +0 buckler
rNeg    + + +      Spirit   .   k - -2 hat of the Alchemist {rElec rPois rF+ rC+ rN+ Will+ rMut rCorr}
rPois   +          Reflect  +   L - amulet of reflection
rElec   +          Harm     .   i - ring "Umetuwn" {Will+ Str+4 Dex+5}
rCorr   +          Rampage  .   u - ring of resist corrosion
rMut    +                       w - +6 ring of strength
Will    +....                   C - +6 ring of intelligence
Stlth   ++++++....              M - ring of Kyuceb {rElec rN+ Will- Str+2 Dex+6}
HPRegen 0.21/turn               P - ring of protection from fire
MPRegen 0.13/turn               (no ring)
                                (no ring)

@: studying Fire Magic
A: almost no armour, amphibious, 8 rings, camouflage 1, gelatinous body 1,
(nimble swimmer 1), tentacles
a: Renounce Religion, Potion Petition, Call Merchant, Bribe Branch


You were on level 9 of the Dungeon.
You worshipped Gozag.
Gozag was pleased with you.
You visited 2 branches of the dungeon, and saw 10 of its levels.
You also visited: Sewer.

You collected 1260 gold pieces.
You spent 448 gold pieces at shops.
You paid 143 gold pieces to Gozag.

Inventory:

Hand Weapons
 g - the +10 long sword of True Grit (weapon) {drain, rN+}
   (You found it on level 5 of the Dungeon)

   A truly terrible weapon, it drains the life of any living foe it strikes.
   rN:        It protects you from negative energy.
 o - a +5 long sword
 D - a +4 spear
 E - a +2 dagger of draining
 F - a +0 war axe
 J - a +0 broad axe
 K - a +0 trident
 U - a +2 scimitar of flaming
Missiles
 a - 2 throwing nets
 m - 34 poisoned darts (quivered)
 t - 10 boomerangs
 T - 3 javelins
Armour
 k - the -2 hat of the Alchemist (worn) {rElec rPois rF+ rC+ rN+ Will+ rMut rCorr}
   (You acquired it on level 2 of the Dungeon)

   rF:        It protects you from fire.
   rC:        It protects you from cold.
   rElec:     It insulates you from electricity.
   rPois:     It protects you from poison.
   rN:        It protects you from negative energy.
   rCorr:     It protects you from acid and corrosion.
   rMut:      It protects you from mutation.
   Will:      It increases your willpower.
 H - a +0 buckler (worn)
Jewellery
 i - the ring "Umetuwn" (left tentacle) {Will+ Str+4 Dex+5}
   (You acquired it on level 2 of the Dungeon)

   [ring of willpower]

   Str:       It affects your strength (+4).
   Dex:       It affects your dexterity (+5).
   Will:      It increases your willpower.
 u - a ring of resist corrosion (right tentacle)
 w - a +6 ring of strength (on tentacle)
 C - a +6 ring of intelligence (on tentacle)
 L - an amulet of reflection (around mantle)
 M - the ring of Kyuceb (on tentacle) {rElec rN+ Will- Str+2 Dex+6}
   (You bought it in a shop on level 7 of the Dungeon)

   [ring of dexterity]

   Str:       It affects your strength (+2).
   Dex:       It affects your dexterity (+6).
   rElec:     It insulates you from electricity.
   rN:        It protects you from negative energy.
   Will:      It decreases your willpower.
 P - a ring of protection from fire (on tentacle)
 W - a ring of ice
 X - a ring of poison resistance
Wands
 f - a wand of digging (2)
 n - a wand of flame (19)
 y - a wand of iceblast (16)
 O - a wand of charming (6)
Scrolls
 b - 3 scrolls of fog
 c - 3 scrolls of magic mapping
 q - 5 scrolls of teleportation
 v - 3 scrolls of vulnerability
 x - 2 scrolls of fear
 I - 2 scrolls of blinking
 N - a scroll of enchant weapon
 Q - a scroll of poison
 R - a scroll of silence
 S - 2 scrolls of immolation
 V - a scroll of noise {unknown}
Potions
 d - a potion of berserk rage
 e - 4 potions of haste
 h - 2 potions of heal wounds
 j - 3 potions of curing
 l - 2 potions of degeneration {unknown}
 p - 2 potions of lignification {unknown}
 r - 2 potions of brilliance {unknown}
 s - 2 potions of flight {unknown}
 z - 3 potions of might
 A - 3 potions of resistance
 B - 3 potions of attraction
 G - a potion of mutation {unknown}


   Skills:
 - Level 5.5 Fighting
 - Level 4.0 Long Blades
 - Level 4.0 Axes
 - Level 5.0 Dodging
 - Level 9.4 Stealth
 + Level 11.3 Shields
 - Level 1.8 Spellcasting
 - Level 2.0 Conjurations
 - Level 3.2 Fire Magic


You had 8 spell levels left.
You knew the following spells:

 Your Spells              Type           Power      Damage    Failure   Level
a - Foxfire               Conj/Fire      52%        2x1d6     5%          1
b - Inner Flame           Hex/Fire       9%         N/A       26%         3

Your spell library contained the following spells:

 Spells                   Type           Power      Damage    Failure   Level
 Magic Dart               Conj           40%        1d5       8%          1
 Freeze                   Ice            8%         1d3       17%         1
 Sandblast                Erth           4%         2d4       17%         1
 Slow                     Hex            8%         N/A       17%         1
 Conjure Flame            Conj/Fire      13%        6-21      17%         3
 Call Imp                 Summ           2%         N/A       26%         2
 Passwall                 Tmut/Erth      1%         N/A       26%         2
 Stone Arrow              Conj/Erth      12%        3d7       32%         3
 Mephitic Cloud           Conj/Pois/Air  4%         N/A       36%         3
 Call Canine Familiar     Summ           2%         N/A       45%         3
 Gell's Gravitas          Tloc           2%         N/A       45%         3
 Lesser Beckoning         Tloc           2%         N/A       45%         3
 Portal Projectile        Hex/Tloc       4%         N/A       45%         3
 Teleport Other           Tloc           2%         N/A       45%         3
 Flame Wave               Conj/Fire      13%        2d6       50%         4
 Leda's Liquefaction      Hex/Erth       1%         N/A       86%         4


Dungeon Overview and Level Annotations

Branches:
Dungeon (9/15)             Temple (1/1) D:4           Sewer (visited)
   Lair: D:8-11         Orc: D:9-12

Altars:
Ashenzari
Cheibriados
Fedhas
Gozag
Hepliaklqana
Ru
Sif Muna
Trog
Wu Jian
Xom
The Shining One


Innate Abilities, Weirdness & Mutations

You cannot wear most types of armour.
You are amphibious.
You can wear up to eight rings at the same time.
Your skin changes colour to match your surroundings (Stealth+).
Your rubbery body absorbs attacks. (AC +1, EV +1)
((You are camouflaged when in or above water. (Stealth+)))
You have tentacles for arms and can constrict up to eight enemies at once.


Message History

You barely miss the orc warrior. You grab the orc warrior.
Your squeeze misses the orc warrior.
You constrict the orc warrior, but do no damage.
The orc warrior misses you.
You slash the orc warrior!
You squeeze the orc warrior, but do no damage.
The orc warrior is severely wounded.
You constrict the orc warrior.
The orc warrior hits you with a +0 battleaxe.
The orc warrior closely misses you.
You slice the orc warrior!!
You kill the orc warrior!
You start resting.
You feel yourself speed up.
You now have 669 gold pieces (gained 9).
There is an open door, spattered with blood here.
Things that are here:
a +0 battleaxe; a +0 plate armour You start resting.
HP restored.
There is a stone staircase leading down here.
You climb downwards.
The troll barely misses you. You block the troll's attack.
The troll barely misses you.
An orc comes into view. It is wielding a +0 club.
The gnoll hits you with a +0 club.
The centaur warrior wields a +0 longbow.
The centaur warrior shoots an arrow.
The arrow hits you!
You block the troll's attack. x2; The troll barely misses you.
The gnoll completely misses you.
There is a stone staircase leading up, spattered with blood here.
The centaur warrior shoots an arrow.
You reflect the arrow off an invisible shield around you!
The arrow completely misses the centaur warrior.
The centaur warrior shoots an arrow.
The arrow hits you!! The troll bites you!!
* * * LOW HITPOINT WARNING * * *
You block the troll's attack. The troll misses you.
The orc roars noisily, as Orcs often do.
The gnoll hits you with a +0 club!
You die...
Your body crumbles into a pile of gold.

...............
...............
..........[....
...............
..........o....
...............
.c.....g.......
..o....@.......
$
#####.).T......
#..........
#..........
#..........
#..........
..$........
####.#####..


You could see a centaur warrior, a troll, an orc priest, a gnoll and an orc.

Vanquished Creatures
  Erica (D:8)
  A gargoyle (D:7)
  A wraith (D:8)
  2 steam dragons (D:7)
  Menkaure (D:7)
  3 swamp worms (D:8)
  Duvessa (D:7)
  2 water moccasins (D:7)
  2 orc warriors
  A black bear (D:7)
  5 sky beasts
  3 ogres (D:6)
  3 centaurs (D:7)
  3 phantoms
  A kobold brigand (D:7)
  A necrophage (D:5)
  2 bullfrogs (D:7)
  2 scorpions (D:5)
  7 wights
  Dowan (D:7)
  5 killer bees
  4 hounds
  A jelly (D:6)
  5 orc priests (D:6)
  A gnoll bouda (D:6)
  7 iguanas
  3 orc wizards (D:6)
  A hell rat (Sewer)
  11 gnolls
  9 adders
  2 river rats
  A white imp (D:7)
  3 ufetubi
  2 worms
  4 dart slugs
  16 orcs
  6 endoplasms
  3 giant cockroaches (D:4)
  9 goblins
  9 hobgoblins
  5 jackals
  8 kobolds
  4 quokkas
  3 ball pythons
  A bat (D:3)
  5 frilled lizards
  8 rats
179 creatures vanquished.

Vanquished Creatures (collateral kills)
  8 foxfires (D:8)
8 creatures vanquished.

Vanquished Creatures (others)
  A gnoll (D:9)
  17 foxfires (D:8)
  2 plants (D:8)
20 creatures vanquished.

Grand Total: 207 creatures vanquished

Notes
Turn   | Place    | Note
-------+----------+-------------------------------------------
     0 | D:5      | croobank the Octopode Delver began the quest for the Orb.
     0 | D:5      | Reached XP level 1. HP: 16/16 MP: 1/1
    16 | D:5      | Noticed a hound
    26 | D:5      | Identified the +10 long sword of True Grit {drain, rN+}
    31 | D:5      | Killed a hound
    32 | D:5      | Reached XP level 2. HP: 21/21 MP: 2/2
    32 | D:5      | Reached XP level 3. HP: 26/26 MP: 3/3
   173 | D:4      | You fall into a shaft and drop 1 floor!
   180 | D:5      | Noticed a scorpion
   201 | D:5      | Found a bloodstained altar of Trog.
   202 | D:5      | Noticed a necrophage
   212 | D:5      | Killed a necrophage
   213 | D:5      | Reached XP level 4. HP: 18/33 MP: 4/4
   436 | D:5      | Killed a scorpion
   437 | D:5      | Reached XP level 5. HP: 27/37 MP: 5/5
   710 | D:6      | Reached XP level 6. HP: 43/43 MP: 6/6
   758 | D:6      | Found a glowing drain.
   763 | D:6      | Reached XP level 7. HP: 35/49 MP: 7/7
   773 | Sewer    | Entered a sewer
   997 | D:6      | Reached skill level 1 in Long Blades
  1615 | D:2      | Found a faded altar of an unknown god.
  2970 | D:2      | Learned a level 1 spell: Foxfire
  3127 | D:2      | Identified 3 scrolls of acquirement
  3127 | D:2      | Acquired the ring "Umetuwn" {Will+ Str+4 Dex+5}
  3129 | D:2      | Acquired a manual of Fire Magic
  3131 | D:2      | Acquired the -2 hat of the Alchemist {rElec rPois rF+ rC+
                  | rN+ Will+ rMut rCorr}
  3131 | D:2      | Found the -2 hat of the Alchemist {rElec rPois rF+ rC+ rN+
                  | Will+ rMut rCorr}
  3432 | D:3      | Reached skill level 5 in Fighting
  3467 | D:3      | Identified the +1 chain mail of the Catamount {rF+}
  3750 | D:4      | Found a shimmering blue altar of Sif Muna.
  3758 | D:4      | Got Sif Muna's Anthology of the Blizzard
  3760 | D:4      | Got Sif Muna's Textbook on the Caves
  3762 | D:4      | Got Sif Muna's Compilation of Beguiling
  3850 | D:4      | Found a staircase to the Ecumenical Temple.
  3859 | Temple   | Entered the Ecumenical Temple
  3873 | Temple   | Became a worshipper of Gozag Ym Sagoz the Greedy
  4028 | D:4      | Found a broken altar of Ashenzari.
  4079 | D:4      | Reached skill level 1 in Fire Magic
  4225 | D:4      | Reached XP level 8. HP: 55/55 MP: 8/8
  4632 | D:5      | Reached skill level 1 in Conjurations
  4805 | D:5      | Reached skill level 1 in Spellcasting
  4838 | D:5      | Found a hazy altar of Hepliaklqana.
  4838 | D:5      | Found a snail-covered altar of Cheibriados.
  5809 | D:6      | Reached skill level 5 in Dodging
  5940 | D:6      | Reached skill level 1 in Shields
  6214 | D:6      | Reached skill level 2 in Shields
  6214 | D:6      | Reached XP level 9. HP: 46/61 MP: 11/11
  6216 | D:6      | Reached skill level 3 in Shields
  6523 | D:7      | Reached skill level 4 in Shields
  6566 | D:7      | Reached skill level 5 in Shields
  6729 | D:7      | Found Qailileb's Assorted Antiques.
  6738 | D:7      | Bought a dented lapis lazuli amulet for 85 gold pieces
  6738 | D:7      | Bought a scintillating marble ring for 85 gold pieces
  6738 | D:7      | Identified the ring of Kyuceb {rElec rN+ Will- Str+2 Dex+6}
                  | (You bought it in a shop on level 7 of the Dungeon)
  6738 | D:7      | Bought a scroll of enchant weapon for 127 gold pieces
  6738 | D:7      | Bought a sedimented blue potion for 15 gold pieces
  7126 | D:7      | Reached skill level 6 in Shields
  7369 | D:7      | Reached skill level 7 in Shields
  7611 | D:7      | Reached skill level 8 in Shields
  7786 | D:7      | Reached XP level 10. HP: 55/66 MP: 12/12
  7854 | D:7      | Reached skill level 9 in Shields
  8047 | D:7      | Learned a level 3 spell: Inner Flame
  8126 | D:7      | Noticed a gargoyle
  8130 | D:7      | Killed a gargoyle
  8203 | D:7      | Noticed Menkaure
  8208 | D:7      | Killed Menkaure
  8218 | D:7      | Bought a scroll of immolation for 68 gold pieces
  8218 | D:7      | Bought a scroll of immolation for 68 gold pieces
  8321 | D:7      | Noticed Duvessa
  8323 | D:7      | Noticed Dowan
  8328 | D:7      | Killed Duvessa
  8329 | D:7      | Reached skill level 10 in Shields
  8332 | D:7      | Killed Dowan
  8765 | D:8      | Noticed Erica
  8774 | D:8      | Killed Erica
  8775 | D:8      | Reached skill level 11 in Shields
  9699 | D:9      | Noticed a centaur warrior
  9857 | D:9      | Slain by a gnoll

Illustrated notes

Levels and vault maps discovered:
D:1:      lemuel_arrival_behind_the_door_small, layout_loops_corners
D:2:      layout_loops_ring, hellmonk_ecumenical_altar_pennies_from_heaven
D:3:      layout_basic
D:4:      minmay_chambers_of_twos, layout_gridville,
          nicolae_sif_muna_little_library, overflow_temple_1_default,
          lemuel_temple_firewalk_b, minmay_misc_feat_secret_circle,
          serial_park_tiny_pond
D:5:      layout_basic, gammafunk_temple_overflow_forgotten, solitary_fountain
D:6:      layout_basic, cheibrodos_sewer_entry_sluice
D:7:      minmay_thinvault, layout_basic, serial_shops, shop, st_stairs_1,
          minmay_microvault, uniq_duvessa, uniq_menkaure
D:8:      layout_basic, worms_lemuel, uniq_erica
D:9:      layout_small_grid, grunt_temple_overflow_open, special_room
          [special_room_kobold], minivault_16, grunt_decor_clamped,
          uniq_maurice, uniq_maggie
Temple:   eino_temple_water

Skill      XL: |  1  2  3  4  5  6  7  8  9 10 |
---------------+-------------------------------+-----
Stealth        | 7 8 9 |  9.4
Axes           | 3 4 |  4.0
Dodging        | 3 4 5 |  5.0
Fighting       | 4 5 |  5.5
Long Blades    | 2 4 |  4.0
Fire Magic     | 1 3 |  3.2
Conjurations   | 2 |  2.0
Spellcasting   | 1 |  1.8
Shields        | 2 8 11 | 11.3

Action                   |  1- 3 |  4- 6 |  7- 9 | 10-12 || total
-------------------------+-------+-------+-------+-------++-------
Melee: Long sword        |    11 |    14 |   231 |    41 ||   297
       Constrict         |     2 |     5 |    37 |    12 ||    56
       Tentacles         |       |     1 |    40 |    15 ||    56
       Punch             |       |       |     1 |     2 ||     3
       Dagger            |       |       |       |     2 ||     2
 Cast: Foxfire           |       |       |       |    16 ||    16
Evoke: Wand              |       |       |     1 |       ||     1
  Use: Scroll            |       |     2 |    19 |     1 ||    22
       Potion            |       |       |     3 |     2 ||     5
 Stab: Sleeping          |     3 |     1 |    47 |     2 ||    53
       Distracted        |       |       |     2 |       ||     2
Armor: Skin              |     2 |       |       |       ||     2
Dodge: Dodged            |     7 |    12 |   142 |    25 ||   186
Block: Buckler           |       |       |    47 |    26 ||    73
       Reflection        |       |       |       |     4 ||     4
